 Dungeon Crawl Stone Soup version 0.19.0-11-g3fc08b3 (webtiles) character file.

1213 Gingerlord the Cudgeler (level 8, -2/83 HPs)
             Began as an Ogre Arcane Marksman on Nov 8, 2016.
             Was an Initiate of Okawaru.
             Slain by a slave (6 damage)
             ... led by Pikel
             ... on level 6 of the Dungeon.
             The game lasted 00:15:31 (7872 turns).

Gingerlord the Cudgeler (Ogre Arcane Marksman)      Turns: 7872, Time: 00:15:33

Health: -2/83      AC:  5    Str: 18 (21) XL:     8   Next: 46%
Magic:  9/9        EV:  7    Int: 11 (12) God:    Okawaru [......]
Gold:   261        SH:  0    Dex:  7 (9)  Spells: 2 memorised, 7 levels left

rFire  . . .     SeeInvis .     D - +3 dire flail (protect)
rCold  + . .     Gourm    .     x - +1 robe {rC+}
rNeg   . . .     Faith    .     (shield currently unavailable)
rPois  .         Spirit   .     (helmet restricted)
rElec  .         Reflect  .     v - +0 cloak
rCorr  .         Harm     .     (gloves unavailable)
MR     .....                    (boots unavailable)
Stlth  +.........               (no amulet)
                                a - -4 ring of evasion (curse)
                                y - +2 ring of strength

@: flying
A: unfitting armour, tough skin 1
a: Renounce Religion


You were on level 6 of the Dungeon.
You worshipped Okawaru.
Okawaru was noncommittal.
You were not hungry.

You visited 2 branches of the dungeon, and saw 7 of its levels.

You collected 261 gold pieces.

Inventory:

Hand Weapons
 o - a +0 giant spiked club
 D - a +3 dire flail of protection (weapon)
Missiles
 c - 3 large rocks (quivered)
 d - 2 throwing nets
Armour
 v - a +0 cloak (worn)
 x - a +1 robe of cold resistance (worn)
Jewellery
 a - a cursed -4 ring of evasion (right hand)
 y - a +2 ring of strength (left hand)
Wands
 q - a wand of slowing (23/48)
 A - a wand of lightning (15/15)
Scrolls
 e - a scroll of recharging
 l - a scroll of amnesia {unknown}
 m - a scroll of random uselessness
 s - a scroll of magic mapping
 u - a scroll of enchant armour {unknown}
 z - a scroll of fear {unknown}
 C - a scroll of immolation {unknown}
 F - a scroll of identify
Potions
 h - a potion of mutation
 k - a potion of cancellation {unknown}
 p - a potion of flight
 r - a potion of cure mutation
 B - a potion of ambrosia
Books
 b - a book of Debilitation

   Spells                             Type                      Level
   a - Corona                         Hexes                        1
   b - Slow                           Hexes                        2
   c - Gell's Gravitas                Hexes/Translocation          3
   d - Inner Flame                    Hexes/Fire                   3
   e - Cause Fear                     Hexes                        4
   f - Leda's Liquefaction            Hexes/Earth                  4
 w - a book of Cantrips

   Spells                             Type                      Level
   a - Confusing Touch                Hexes                        1
   b - Animate Skeleton               Necromancy                   1
   c - Summon Small Mammal            Summoning                    1
   d - Apportation                    Translocation                1
Comestibles
 f - 3 bread rations
 g - 3 meat rations
 i - 8 fruits
 j - a beef jerky
 n - a slice of pizza


   Skills:
 + Level 6.3 Fighting
 + Level 6.4 Maces & Flails
 + Level 5.0 Throwing
 + Level 4.7 Dodging
 - Level 1.3 Spellcasting
 - Level 2.3 Hexes


You had 7 spell levels left.
You knew the following spells:

 Your Spells              Type           Power        Failure   Level  Hunger
a - Corona                Hex            #......      14%         1    ##.....
b - Apportation           Tloc           #.........   34%         1    ##.....


Dungeon Overview and Level Annotations

Branches:
Dungeon (6/15)             Temple (1/1) D:6

Altars:
Ashenzari
Cheibriados
Dithmenos
Elyvilon
Fedhas
Gozag
Hepliaklqana
Kikubaaqudgha
Makhleb
Nemelex Xobeh
Okawaru
Qazlal
Ru
Sif Muna
Trog
Uskayaw
Vehumet
Xom
Yredelemnul
Zin
The Shining One

Annotations:
D:4 Exaltedone87's ghost, novice DDFi
D:6 Pikel


Innate Abilities, Weirdness & Mutations

You are too large for most types of armour.
You have tough skin. (AC +1)


Message History

You bump into the rock wall.
The bullfrog barely misses you. The slave hits you!
* * * LOW HITPOINT WARNING * * *
The slave hits you.
* * * LOW HITPOINT WARNING * * *
The bullfrog barely misses you.
Unknown command.
You feel better.
You feel less invigorated. The slave hits you.
* * * LOW HITPOINT WARNING * * *
The bullfrog hits you.
* * * LOW HITPOINT WARNING * * *
The slave hits you.
* * * LOW HITPOINT WARNING * * *
It was a potion of degeneration.
There was something very wrong with that liquid.
You feel weakened.
You feel dopey.
You feel clumsy. The bullfrog hits you.
* * * LOW HITPOINT WARNING * * *
The slave barely misses you. The slave hits you.
You die...

*,,,,,,,,,,,,....,...,******,,,
*,,,,,,,****>p.)##..###** **,,,
*,,,,,,,**,,,#....>....,* *,,,,
**********,*,#.........,***,,,,
*****,,,,,,,,#.........,,,,,*,*
*,,,,,,,,,***#.p.......,,,*,,,*
*,,,,,,,,** ##Ko....#*,,,,,***
*,,,,,,,,* ###pp######**,,,,,,,
*,<,,,,,,*##hF@## *###*..,,,,,,
****#######Sh#####*..##.#**,*,,
##...h.#..h...##.....***,,,,
##..............#.....**,,,,,
#..................#*,*,,,,,,
#...).............##*,*,,,,,,
#................## *,*,,,,,,
#..........<....## **,*,,,,,,
#................# *,,,,,,,,,


You could see Pikel, 3 slaves, a bullfrog, an orc, 2 jackals and a ball python.

Vanquished Creatures
  Grinder (D:5)
  Edmund (D:5)
  A phantom (D:4)
  2 ogres (D:4)
  Blork the orc (D:4)
  A howler monkey (D:5)
  3 crimson imps (D:5)
  5 orc wizards
  A bullfrog skeleton (D:5)
  3 worker ants
  2 hound skeletons (D:5)
  Robin (D:2)
  A gnoll (D:1)
  4 adders
  2 worms (D:3)
  A dart slug (D:2)
  2 leopard geckos
  16 orcs
  A ball python (D:4)
  3 giant cockroaches
  11 goblins
  7 hobgoblins
  8 jackals
  A quokka (D:4)
  17 bats
  11 frilled lizards
  9 kobolds
  7 rats
123 creatures vanquished.

Notes
Turn   | Place    | Note
-------+----------+-------------------------------------------
     0 | D:1      | Gingerlord the Ogre Arcane Marksman began the quest for the Orb.
     0 | D:1      | Reached XP level 1. HP: 19/19 MP: 2/2
   412 | D:1      | Reached XP level 2. HP: 26/28 MP: 3/3
   616 | D:1      | Reached skill level 1 in Maces & Flails
   863 | D:1      | Found a shattered altar of Ashenzari.
  1620 | D:1      | Reached XP level 3. HP: 35/35 MP: 4/4
  2374 | D:2      | Reached XP level 4. HP: 19/42 MP: 5/5
  2550 | D:2      | Noticed Robin
  2578 | D:2      | Killed Robin
  2997 | D:2      | Found a snail-covered altar of Cheibriados.
  3453 | D:3      | Found a radiant altar of Vehumet.
  3468 | D:3      | Reached XP level 5. HP: 27/52 MP: 6/6
  3835 | D:3      | Found a bloodstained altar of Trog.
  4357 | D:3      | Found a white marble altar of Elyvilon.
  4357 | D:3      | Found a blossoming altar of Fedhas.
  4789 | D:4      | Noticed an ogre
  4789 | D:4      | Noticed a phantom
  4806 | D:4      | Killed an ogre
  4806 | D:4      | Reached XP level 6. HP: 24/61 MP: 7/7
  4851 | D:4      | HP: 2/61 [phantom (8)]
  5192 | D:4      | Killed a phantom
  5709 | D:4      | Reached XP level 7. HP: 70/70 MP: 8/8
  5719 | D:4      | Noticed Exaltedone87's ghost (novice DDFi)
  5752 | D:5      | Entered Level 5 of the Dungeon
  5763 | D:5      | Noticed Grinder
  5768 | D:5      | Paralysed by Grinder for 3 turns
  5779 | D:5      | Paralysed by Grinder for 2 turns
  5982 | D:4      | Found a glowing silver altar of Zin.
  5983 | D:4      | Noticed Blork the orc
  6007 | D:4      | Killed Blork the orc
  6007 | D:4      | Reached skill level 5 in Maces & Flails
  6024 | D:4      | Learned a level 1 spell: Apportation
  6246 | D:4      | Reached skill level 5 in Fighting
  7031 | D:5      | Killed Grinder
  7031 | D:5      | Reached XP level 8. HP: 59/83 MP: 9/9
  7325 | D:5      | Noticed Edmund
  7362 | D:5      | Killed Edmund
  7362 | D:5      | Reached skill level 5 in Throwing
  7663 | D:6      | Found a staircase to the Ecumenical Temple.
  7691 | Temple   | Entered the Ecumenical Temple
  7807 | Temple   | Became a worshipper of Warmaster Okawaru
  7867 | D:6      | Noticed Pikel
  7870 | D:6      | HP: 3/83 [slave[Pikel] (4)]
  7872 | D:6      | Slain by a slave

Skill      XL: |  1  2  3  4  5  6  7  8 |
---------------+-------------------------+-----
Maces & Flails | 1 2 3 4 5 6 |  6.4
Dodging        | 2 3 4 |  4.7
Fighting       | 2 3 4 5 6 |  6.3
Throwing       | 3 4 5 |  5.0
Spellcasting   | |  1.3
Hexes          | |  2.3

Action                   |  1- 3 |  4- 6 |  7- 9 || total
-------------------------+-------+-------+-------++-------
Melee: Unarmed           |     7 |       |     1 ||     8
       Whip              |    86 |       |       ||    86
       Flail             |    66 |   268 |   110 ||   444
       Dire flail        |       |       |    19 ||    19
Throw: Large rock        |    11 |       |       ||    11
  Use: Potion            |       |     5 |     6 ||    11
       Scroll            |       |     4 |     2 ||     6
 Stab: Distracted        |       |       |     1 ||     1
  Eat: Chunk             |     4 |     8 |     3 ||    15
       Royal jelly       |       |     1 |       ||     1
       Pizza             |       |     1 |       ||     1
       Bread ration      |       |       |     1 ||     1
Armor: Robe              |    57 |   113 |   107 ||   277
       Skin              |       |    21 |       ||    21
Dodge: Dodged            |   118 |   177 |    86 ||   381
